 Dungeon Crawl Stone Soup version 0.29-a0-723-gce39da1c22 (webtiles) character file.

Game seed: 4228074931694713950

715 crusatyr the Twirler (level 7, -4/51 (52) HPs)
             Began as a Demonspawn Monk on June 28, 2022.
             Slain by a wight
             ... wielding a +3 long sword
              (5 damage)
             ... on level 4 of the Dungeon.
             The game lasted 00:12:12 (5592 turns).

crusatyr the Twirler (Demonspawn Monk)              Turns: 5592, Time: 00:12:12

HP:   -4/51 (52)    AC: 10    Str: 13    XL:     7   Next: 41%
MP:   7/7           EV:  8    Int: 17    God:
Gold: 45            SH:  0    Dex: 16    Spells: 6/6 levels left

rFire   . . .      SeeInvis .   e - +0 quarterstaff
rCold   . . .      Faith    .   (shield currently unavailable)
rNeg    + . .      Spirit   .   n - +0 chain mail
rPois   .          Reflect  .   p - +0 helmet
rElec   .          Harm     .   (no cloak)
rCorr   .          Rampage  .   k - +0 pair of gloves
Will    .....                   (no boots)
Stlth   ..........              (no amulet)
HPRegen 0.17/turn               j - ring of positive energy
MPRegen 0.10/turn               t - +6 ring of intelligence

@: mighty, lightly drained
A: repulsion field 1, foul stench 1, powered by pain 1
a: no special abilities


You were on level 4 of the Dungeon.
You visited 1 branch of the dungeon, and saw 4 of its levels.
You also visited: Sewer.

You collected 147 gold pieces.
You spent 102 gold pieces at shops.

Inventory:

Hand Weapons
 a - a +0 falchion
 e - a +0 quarterstaff (weapon)
Armour
 k - a +0 pair of gloves (worn)
 n - a +0 chain mail (worn)
 p - a +0 helmet (worn)
Jewellery
 h - a ring of flight
 j - a ring of positive energy (left hand)
 t - a +6 ring of intelligence (right hand)
Wands
 u - a wand of digging (8)
Scrolls
 b - a scroll of fog {unknown}
 d - a scroll of amnesia {unknown}
 i - a scroll of summoning
 l - a scroll of magic mapping
 m - a scroll of teleportation {unknown}
 q - a scroll of vulnerability {unknown}
 s - a scroll of fear {unknown}
 v - a scroll of poison {unknown}
Potions
 c - a potion of ambrosia
 g - 3 potions of curing
 o - 2 potions of lignification
 r - a potion of cancellation {unknown}
 w - a potion of attraction {unknown}


   Skills:
 - Level 3.0 Fighting
 - Level 3.0 Long Blades
 * Level 7.3 Staves
 - Level 2.6 Dodging
 - Level 1.7 Stealth


You had 6 spell levels left.
You didn't know any spells.
Your spell library contained the following spells:

 Spells                   Type           Power      Damage    Failure   Level
 Passage of Golubria      Tloc           0%         N/A       100%        4
 Silence                  Hex/Air        0%         N/A       100%        5
 Lehudib's Crystal Spear  Conj/Erth      0%         10d2      100%        8


Dungeon Overview and Level Annotations

Branches:
Dungeon (4/15)              Sewer (visited)
 Temple: D:4-7

Altars:
Hepliaklqana
Yredelemnul

Shops:
D:1 *


Innate Abilities, Weirdness & Mutations

You are surrounded by a mild repulsion field. (EV +2)
You may rarely emit foul miasma when damaged in melee.
You sometimes gain a little power by taking damage.


Message History

There is a stone staircase leading up here.
Things that are here:
a +0 robe; a +3 battleaxe
Found an ancient shortbow.
Something hits the fungus!
The fungus begins to die.
Something freezes the fungus.
A nearby fungus withers and dies.
A wight comes into view. It is wielding a +3 long sword.
A nearby fungus withers and dies.
A wight comes into view.
It is wielding a +4 short sword of freezing.
Things that are here:
a +0 robe; a +3 battleaxe
There is a stone staircase leading up here.
The wight hits you with a +3 long sword!
You hit the wight but do no damage. The wight hits you but does no damage.
You hit the wight.
The wight is lightly damaged.
The wight hits you with a +3 long sword.
You partially resist.
You feel drained.
You hit the wight.
The wight is moderately damaged.
The wight hits you with a +3 long sword!
You barely miss the wight.
The wight is moderately damaged.
The wight hits you with a +3 long sword!
* * * LOW HITPOINT WARNING * * *
You feel very mighty all of a sudden. The wight closely misses you.
The wight hits you with a +4 short sword of freezing.
* * * LOW HITPOINT WARNING * * *
The wight freezes you.
* * * LOW HITPOINT WARNING * * *
You sock the wight!
The wight is almost destroyed.
The wight hits you with a +4 short sword of freezing.
* * * LOW HITPOINT WARNING * * *
The wight freezes you.
* * * LOW HITPOINT WARNING * * *
The wight hits you with a +3 long sword.
You die...

......## ##.## ##.##
.......###..# #...#
PP..P..##..## ##..##
P..PP..##..# #..<# P...P.....##
#...# .........##### ##...#
.zPP._.......##### #...##
..PP.......[.<.z.###### ##...#
P..PP...######.z@....<####...##
PP..P..## ######).........#
PP..PP.# ######.....# .PP..P.#
####..### ..P..P.# ##...#
.PP..P.. #..## .PP..PP. ##.##
..PP..P.. #..# #.PP..PP. #r##


You could see 2 wights.

Vanquished Creatures
  Sigmund (D:3)
  Eustachio (D:4)
  A bullfrog (Sewer)
  A wight (D:4)
  Ijyb (D:3)
  Natasha (thrice) (D:3)
  Robin (D:2)
  8 adders
  2 dart slugs
  3 orcs (D:3)
  18 ball pythons
  11 endoplasms
  10 giant cockroaches
  13 goblins
  3 hobgoblins
  7 quokkas
  4 bats
  11 frilled lizards
  4 kobolds
  9 rats
112 creatures vanquished.

Vanquished Creatures (others)
  6 fungi (D:4)
6 creatures vanquished.

Grand Total: 118 creatures vanquished

Notes
Turn   | Place    | Note
-------+----------+-------------------------------------------
     0 | D:1      | crusatyr the Demonspawn Monk began the quest for the Orb.
     0 | D:1      | Reached XP level 1. HP: 18/18 MP: 1/1
   144 | D:1      | Reached skill level 1 in Staves
   144 | D:1      | Gained mutation: You may rarely emit foul miasma when
                  | damaged in melee. [demonic ancestry]
   144 | D:1      | Reached XP level 2. HP: 23/24 MP: 2/2
   279 | D:1      | Found Kita's General Store.
   718 | D:1      | Reached skill level 2 in Staves
   992 | D:1      | Reached XP level 3. HP: 29/29 MP: 3/3
  1151 | D:1      | Bought a scroll of magic mapping for 42 gold pieces
  1271 | D:2      | Noticed Robin
  1772 | D:2      | Reached skill level 3 in Staves
  1776 | D:2      | Killed Robin
  1777 | D:2      | Reached XP level 4. HP: 18/35 MP: 4/4
  2358 | D:1      | Bought a scroll of identify for 24 gold pieces
  2358 | D:1      | Bought a potion of lignification for 36 gold pieces
  2473 | D:3      | Found a glowing drain.
  2517 | Sewer    | Entered a sewer
  3027 | Sewer    | Reached skill level 4 in Staves
  3033 | Sewer    | Gained mutation: You are surrounded by a mild repulsion
                  | field. (EV +2) [demonic ancestry]
  3033 | Sewer    | Reached XP level 5. HP: 15/41 MP: 5/5
  3617 | Sewer    | Reached skill level 5 in Staves
  4019 | D:3      | Noticed Sigmund
  4235 | D:3      | Noticed Ijyb
  4249 | D:3      | Killed Ijyb
  4250 | D:3      | Reached XP level 6. HP: 37/47 MP: 6/6
  4355 | D:3      | Noticed Natasha
  4524 | D:3      | Found a hazy altar of Hepliaklqana.
  4540 | D:3      | Killed Natasha
  4571 | D:3      | Noticed Natasha
  4583 | D:3      | Killed Natasha
  4600 | D:3      | Noticed Natasha
  4740 | D:3      | Killed Natasha
  4899 | D:3      | Found a faded altar of an unknown god.
  5094 | D:4      | Noticed Eustachio
  5132 | D:4      | Found a basalt altar of Yredelemnul.
  5246 | D:3      | Killed Sigmund
  5247 | D:3      | Reached skill level 6 in Staves
  5247 | D:3      | Gained mutation: You sometimes gain a little power by
                  | taking damage. [demonic ancestry]
  5247 | D:3      | Reached XP level 7. HP: 50/52 MP: 7/7
  5466 | D:4      | Killed Eustachio
  5467 | D:4      | Reached skill level 7 in Staves
  5592 | D:4      | HP: 1/51 [wight/+4 short sword of freezing (3)]
  5592 | D:4      | Slain by a wight

Illustrated notes

Levels and vault maps discovered:
D:1:      pf_arrival_petrified_forest, layout_loops_ring, serial_shops,
          nicolae_shop_waterfront
D:2:      layout_rooms, uniq_robin
D:3:      layout_loops_cross, mainiacjoe_overflow_24_doors,
          portal_sewer_entry_a, ebering_ecumenical_altar_mist, uniq_ijyb,
          uniq_sigmund, uniq_natasha
D:4:      layout_cave_pods, lemuel_crystal_altar, cheibrodos_ashenzari_chains,
          nzn_wu_jian_council_hall, mainiacjoe_overflow_catch_the_wave,
          minmay_temple_entry_from_below_b, uniq_eustachio, uniq_edmund

Skill      XL: |  1  2  3  4  5  6  7 |
---------------+----------------------+-----
Long Blades    | 3 |  3.0
Staves         | 1 2 3 4 5 6 7 |  7.3
Fighting       | |  3.0
Dodging        | |  2.6
Stealth        | |  1.7

Action                   |  1- 3 |  4- 6 |  7- 9 || total
-------------------------+-------+-------+-------++-------
Melee: Falchion          |    12 |       |       ||    12
       Quarterstaff      |   107 |   254 |    27 ||   388
  Use: Scroll            |       |     5 |       ||     5
       Potion            |       |     1 |     2 ||     3
 Stab: Sleeping          |     5 |       |       ||     5
       Distracted        |     1 |       |       ||     1
Armor: Robe              |    11 |       |       ||    11
       Ring mail         |    27 |       |       ||    27
       Chain mail        |    22 |   169 |     6 ||   197
Dodge: Dodged            |    64 |    94 |    13 ||   171

Table legend: (Time is in decaauts)
 A = Elapsed time spent in this place.
 B = Non-inter-level travel time spent in this place.
 C = Inter-level travel time spent in this place.
 D = Time resting spent in this place.
 E = Time spent auto-exploring this place.
 F = Levels seen in this place.
 G = Mean time per level.
                   A        B        C        D        E       F      G
               +--------+--------+--------+--------+--------+-----+--------+
         Total |   5725 |   5134 |    591 |   1070 |   2598 |   5 | 1145.0 |
       Dungeon |   4384 |   3793 |    591 |    454 |   2274 |   4 | 1096.0 |
         Sewer |   1340 |   1340 |      0 |    616 |    324 |   1 | 1340.0 |
               +--------+--------+--------+--------+--------+-----+--------+

Top non-repeatable levels by time:
     D:1: 1668 daAuts
   Sewer: 1340 daAuts
     D:3: 1296 daAuts
     D:2: 1057 daAuts
     D:4: 361 daAuts
